 Dungeon Crawl Stone Soup version 0.27.1-2-g3b301248ec (webtiles) character file.

Game seed: 12904096264813945430

83 Kold the Insei (level 4, -6/42 HPs)
             Began as an Octopode Transmuter on Oct 1, 2021.
             Killed from afar by a white imp (13 damage)
             ... with a puff of frost
             ... summoned by Natasha
             ... on level 2 of the Dungeon.
             The game lasted 00:02:04 (1755 turns).

Kold the Insei (Octopode Transmuter)                Turns: 1755, Time: 00:02:04

Health: -6/42      AC: 22    Str:  9    XL:     4   Next: 44%
Magic:  7/7        EV:  2    Int: 16    God:
Gold:   82         SH:  0    Dex: 12    Spells: 1/7 levels left

rFire    . . .     SeeInvis .     - Unarmed
rCold    . . .     Faith    .   (no shield)
rNeg     + + +     Spirit   .   (helmet currently unavailable)
rPois    +         Reflect  .   (no amulet)
rElec    .         Harm     .   c - +4 ring of slaying
rCorr    .         Rampage  .   (no ring)
Will     .....     NoTele   +   (no ring)
Stlth    ..........             (no ring)
HPRegen  0.14/turn              (no ring)
MPRegen  0.10/turn              (no ring)
                                (no ring)
                                (no ring)

@: mighty, tree-form, silenced
A: stationary, stasis, torment immunity, boosted hp, almost no armour,
(amphibious), 8 rings, (camouflage 1), (gelatinous body 1), (nimble swimmer 1),
(tentacles)
a: no special abilities


You were on level 2 of the Dungeon.
You were a tree.
You visited 1 branch of the dungeon, and saw 2 of its levels.

You collected 82 gold pieces.

Inventory:

Jewellery
 c - a +4 ring of slaying (left branch)
Scrolls
 b - a scroll of identify
 f - a scroll of noise {unknown}


   Skills:
 - Level 1.0 Fighting
 - Level 2.0 Dodging
 + Level 3.8 Unarmed Combat
 - Level 2.0 Spellcasting
 + Level 3.1 Transmutations
 * Level 2.2 Poison Magic


You had one spell level left.
You knew the following spells:

 Your Spells              Type           Power      Damage    Failure   Level
a - Beastly Appendage     Tmut           22%        N/A       5%          1
b - Wereblood             Tmut           11%        N/A       9%          2
c - Spider Form           Tmut/Pois      5%         N/A       21%         3

Your spell library contained the following spells:

 Spells                   Type           Power      Damage    Failure   Level
 Ice Form                 Ice/Tmut       6%         N/A       71%         4


Dungeon Overview and Level Annotations

Branches:
Dungeon (2/15)

Altars:

Annotations:
D:2 Natasha


Innate Abilities, Weirdness & Mutations

You are a tree.
Your roots penetrate the ground, keeping you stationary.
You cannot be teleported.
You are immune to unholy pain and torment.
Your maximum health is greatly increased.
You cannot wear most types of armour.
((You are amphibious.))
You can wear up to eight rings at the same time.
((Your skin changes colour to match your surroundings (Stealth+).))
((Your rubbery body absorbs attacks. (AC +1, EV +1)))
((You are camouflaged near water. (Stealth+)))
((You have tentacles for arms and can constrict up to eight enemies at once.))


Message History

Natasha yowls pathetically as she dies!
The shadow imp disappears in a puff of smoke!
The crimson imp disappears in a puff of smoke!
Your Poison Magic skill increases to level 2!
As you read the scroll labelled BOIMMEMIGH, it crumbles to dust.
It is a scroll of identify.
a - a potion of lignification Your transformation is almost over.
Natasha, Servant of Life and Death comes into view.
Natasha mumbles some strange words.
As you read the scroll labelled ESOYCE RYAZUUCK, it crumbles to dust.
You feel aware of your surroundings.
It was a scroll of magic mapping.
Natasha mumbles some strange words.
Natasha glows brightly for a moment.
As you read the scroll labelled JIQYP IGEPSEUFU, it crumbles to dust.
A profound silence engulfs you.
It was a scroll of silence.
Magic scrolls do not work when you're silenced!
It was a potion of might.
You feel very mighty all of a sudden.
Your tentacle spike disappears.
You turn into a tree.
Your roots penetrate the ground.
The white imp gestures at you. The puff of frost hits you.
* * * LOW HITPOINT WARNING * * *
You closely miss Natasha. The white imp barely misses you.
Natasha claws you but does no damage.
You hit Natasha.
Natasha is moderately wounded.
The white imp hits you but does no damage.
Natasha claws you but does no damage.
You barely miss Natasha.
Natasha is moderately wounded.
The white imp gestures at you.
The puff of frost hits you but does no damage.
Natasha barely misses you.
You smack Natasha!
Natasha is almost dead.
The white imp gestures at you. The puff of frost hits you!
You die...

*,**,,,,...#,******
*,*#,***#..#.#### *,*#.*
#..#,...#
*#.##.####†.####.#########
*...>..†).................
*.##....†.................
*...#.....################
**#*,#.#(h.# *,,,,#.#$5♣#
*,,,,',##### *,,,.***
*,,..* ******


You could see Natasha and a white imp (summoned).

Vanquished Creatures
  Natasha (twice) (D:2)
  A ball python (D:1)
  7 endoplasms
  A giant cockroach (D:1)
  2 goblins
  4 jackals (D:1)
  4 kobolds (D:1)
  5 bats
  5 rats
31 creatures vanquished.

Vanquished Creatures (others)
  5 toadstools (D:1)
5 creatures vanquished.

Grand Total: 36 creatures vanquished

Notes
Turn   | Place    | Note
-------+----------+-------------------------------------------
     0 | D:1      | Kold the Octopode Transmuter began the quest for the Orb.
     0 | D:1      | Reached XP level 1. HP: 13/13 MP: 3/3
   356 | D:1      | Reached XP level 2. HP: 18/18 MP: 5/5
  1034 | D:1      | Found a faded altar of an unknown god.
  1200 | D:1      | Reached XP level 3. HP: 13/23 MP: 4/6
  1203 | D:1      | Learned a level 2 spell: Wereblood
  1207 | D:1      | Learned a level 3 spell: Spider Form
  1492 | D:2      | Noticed Natasha
  1497 | D:2      | Killed Natasha
  1498 | D:2      | Reached skill level 1 in Poison Magic
  1676 | D:2      | Reached XP level 4. HP: 21/28 MP: 5/7
  1734 | D:2      | Noticed Natasha
  1741 | D:2      | Killed Natasha
  1744 | D:2      | Noticed Natasha
  1755 | D:2      | Killed from afar by a white imp

Illustrated notes

Levels and vault maps discovered:
D:1:      ldierk_walled_garden, layout_loops_ring,
          shapermc_ecumenical_altar_hornbeckon
D:2:      layout_basic, feat_on_display, uniq_natasha

Skill      XL: |  1  2  3  4 |
---------------+-------------+-----
Transmutations | 3 |  3.1
Poison Magic   | 1 2 |  2.2
Fighting       | |  1.0
Dodging        | |  2.0
Unarmed Combat | |  3.8
Spellcasting   | |  2.0

Action                   |  1- 3 |  4- 6 || total
-------------------------+-------+-------++-------
Melee: Unarmed           |    52 |    10 ||    62
       Constrict         |    14 |     1 ||    15
       Kick              |     9 |     1 ||    10
       Tentacles         |     7 |     2 ||     9
 Cast: Beastly Appendage |    16 |     1 ||    17
  Use: Scroll            |       |     3 ||     3
       Potion            |       |     2 ||     2
 Stab: Sleeping          |     7 |       ||     7
Armor: Skin              |     6 |     4 ||    10
Dodge: Dodged            |    30 |     6 ||    36
